 Dungeon Crawl Stone Soup version 0.28.0-45-g0d030f2227 (webtiles) character file.

Game seed: 2949548487000663607

2027 nickcage the Basher (level 9, 0/70 HPs)
             Began as a Minotaur Abyssal Knight on Apr 11, 2022.
             Was a Priest of Lugonu.
             Slain by Harold
             ... wielding a +1 vorpal hand axe
              (1 damage)
             ... on level 8 of the Dungeon.
             The game lasted 00:12:14 (7721 turns).

nickcage the Basher (Minotaur Abyssal Knight)       Turns: 7721, Time: 00:12:14

Health: 0/70       AC:  9    Str: 22    XL:     9   Next: 3%
Magic:  9/9        EV: 10    Int:  7    God:    Lugonu [***...]
Gold:   165        SH:  0    Dex: 11    Spells: 8/8 levels left

rFire   . . .      SeeInvis .   z - +1 morningstar (venom)
rCold   + . .      Faith    .   (no shield)
rNeg    . . .      Spirit   .   B - +2 scale mail {rC+}
rPois   .          Reflect  .   (helmet restricted)
rElec   .          Harm     .   (no cloak)
rCorr   .          Rampage  .   y - +0 pair of gloves
Will    .....                   (no boots)
Stlth   ..........              (no amulet)
HPRegen 0.21/turn               (no ring)
MPRegen 0.11/turn               (no ring)

@: confused, marked
A: horns 2, retaliatory headbutt
a: Renounce Religion, Depart the Abyss, Bend Space, Banish


You were on level 8 of the Dungeon.
You worshipped Lugonu.
Lugonu was most pleased with you.
You visited 1 branch of the dungeon, and saw 8 of its levels.
You visited the Abyss 1 time.

You collected 365 gold pieces.
You spent 200 gold pieces at shops.

Inventory:

Hand Weapons
 a - a +1 mace
 z - a +1 morningstar of venom (weapon)
Missiles
 e - 2 throwing nets
 l - 10 poisoned darts (quivered)
Armour
 b - a +0 leather armour
 d - a +0 scale mail of poison resistance
 y - a +0 pair of gloves (worn)
 A - a scarf of invisibility
 B - a +2 scale mail of cold resistance (worn)
Jewellery
 t - an amulet of magic regeneration
Wands
 s - a wand of charming (8)
 u - a wand of iceblast (13)
Scrolls
 c - 4 scrolls of identify
 f - a scroll of torment
 g - a scroll of fog {unknown}
 k - a scroll of fear
 p - a scroll of teleportation
Potions
 h - a potion of brilliance
 i - 2 potions of cancellation
 j - a potion of flight {unknown}
 m - a potion of heal wounds
 n - a potion of might {unknown}
 o - a potion of mutation {unknown}
 q - 2 potions of curing
 r - a potion of degeneration {unknown}
 v - a potion of ambrosia {unknown}
 w - 2 potions of lignification
 x - a potion of resistance {unknown}


   Skills:
 - Level 3.6 Fighting
 + Level 14.0 Maces & Flails
 + Level 0.7 Throwing
 - Level 2.4 Armour
 - Level 1.1 Dodging
 - Level 1.7 Invocations


You had 8 spell levels left.
You didn't know any spells.
Your spell library contained the following spells:

 Spells                   Type           Power      Damage    Failure   Level
 Blink                    Tloc           0%         N/A       88%         2
 Call Canine Familiar     Summ           0%         N/A       98%         3
 Frozen Ramparts          Ice            0%         1d2       98%         3
 Lesser Beckoning         Tloc           0%         N/A       98%         3
 Portal Projectile        Hex/Tloc       0%         N/A       98%         3
 Ice Form                 Ice/Tmut       0%         N/A       100%        4
 Leda's Liquefaction      Hex/Erth       0%         N/A       100%        4
 Summon Ice Beast         Ice/Summ       0%         N/A       100%        4
 Manifold Assault         Tloc           0%         N/A       100%        5


Dungeon Overview and Level Annotations

Branches:
Dungeon (8/15)             Temple (0/1) D:6
   Lair: D:8-11

Altars:
Kikubaaqudgha
Nemelex Xobeh
Wu Jian
The Shining One
Jiyva

Shops:
D:5 *

Annotations:
D:4 1 runed translucent door, zeratav's ghost, novice OpTm
D:8 Harold


Innate Abilities, Weirdness & Mutations

You have a pair of horns on your head.
You reflexively headbutt those who attack you in melee.


Message History

You now have 165 gold pieces (gained 14).
Harold the Weathered comes into view.
He is wielding a +1 vorpal hand axe and carrying a wand of charming (4).
Harold shouts!
Harold fires a harpoon shot at you. The harpoon shot hits you!!
You are yanked forward by the harpoon shot.
You sock Harold!
Harold is poisoned.
You headbutt Harold, but do no damage.
Harold is lightly wounded.
Harold hits you with a +1 vorpal hand axe!
You barely miss Harold. You headbutt Harold.
Harold is moderately wounded.
Harold hits you but does no damage.
You hit Harold but do no damage. Your headbutt misses Harold.
Harold is moderately wounded.
Harold zaps a wand.
Your will is overpowered!
You are confused.
You hit Harold but do no damage.
Harold looks as sick as possible!
Harold is moderately wounded.
Harold zaps a wand.
Your will is overpowered!
You are more confused.
Harold casts a spell at you. A sentinel's mark forms upon you.
Harold zaps a wand.
You resist with some effort.
Harold zaps a wand.
Your will is overpowered!
You are more confused.
The now-empty wand crumbles to dust.
You hit Harold.
Harold looks as sick as possible!
Your headbutt misses Harold.
Harold is moderately wounded.
Harold hits you with a +1 vorpal hand axe!
You hit Harold but do no damage.
Harold looks as sick as possible!
Harold is moderately wounded.
Harold hits you with a +1 vorpal hand axe!
* * * LOW HITPOINT WARNING * * *
x2 Harold hits you with a +1 vorpal hand axe.
* * * LOW HITPOINT WARNING * * *
x2 Harold hits you with a +1 vorpal hand axe.
* * * LOW HITPOINT WARNING * * *
x2 Harold hits you with a +1 vorpal hand axe.
* * * LOW HITPOINT WARNING * * *
You die...

#......##.#
#.#.......##.# .#
#..#.........# #.#
#.###..####### #.#
#..#.#.# #.##
#.#.##.# ########
#..## #......#
#......# ##.(.###
###.####
#...@..####......###
##.####
#...@..#............
#.....#
#........##.........
##.....#
#......#####...#....
#..._..# #......#
#..## ## #......#
#......# #.##
#......# ########
#.#
#.#.#.###########
#.#
#.#.............####
#.#
#.###.#######......#
#.#


You could see Harold (extremely poisoned).

Vanquished Creatures
  A steam dragon (D:6)
  An orc warrior (D:6)
  A sky beast (D:7)
  An ice beast (D:8)
  A black bear (D:5)
  2 ogres
  A phantom (D:5)
  A kobold brigand (D:6)
  2 bullfrogs (D:7)
  A scorpion (D:4)
  A water moccasin zombie (D:7)
  A water moccasin skeleton (D:4)
  A howler monkey (D:6)
  3 hounds
  2 centaur zombies
  5 jellies
  5 orc priests
  A bullfrog skeleton (D:5)
  2 centaur skeletons
  An iguana (D:4)
  3 orc wizards
  A hound skeleton (D:2)
  2 howler monkey skeletons
  8 adders
  4 gnolls (D:2)
  An ufetubus (D:7)
  2 worms (D:2)
  3 dart slugs
  19 orcs
  8 ball pythons
  4 bats
  9 endoplasms
  4 giant cockroaches
  8 goblins
  4 hobgoblins
  4 jackals (D:2)
  17 kobolds
  3 quokkas
  4 frilled lizards
  5 rats
  A spectral hobgoblin (D:2)
148 creatures vanquished.

Notes
Turn   | Place    | Note
-------+----------+-------------------------------------------
     0 | Abyss:1  | nickcage the Minotaur Abyssal Knight began the quest for
                  | the Orb.
     0 | Abyss:1  | Reached XP level 1. HP: 19/19 MP: 1/1
     0 | D:1      | Escaped the Abyss
    79 | D:1      | Reached * piety under Lugonu
    80 | D:1      | Reached skill level 3 in Maces & Flails
    94 | D:1      | Reached XP level 2. HP: 18/26 MP: 2/2
   391 | D:1      | Reached skill level 4 in Maces & Flails
   547 | D:1      | Reached XP level 3. HP: 25/31 MP: 3/3
  1047 | D:2      | Reached skill level 5 in Maces & Flails
  1055 | D:2      | Reached ** piety under Lugonu
  1169 | D:2      | Reached XP level 4. HP: 37/39 MP: 4/4
  1322 | D:2      | Reached skill level 6 in Maces & Flails
  1567 | D:2      | Reached XP level 5. HP: 26/45 MP: 5/5
  1790 | D:2      | Found a faded altar of an unknown god.
  2118 | D:3      | Found a glowing golden altar of the Shining One.
  2574 | D:4      | Reached skill level 7 in Maces & Flails
  2825 | D:4      | Found a runed translucent door.
  2825 | D:4      | Noticed zeratav's ghost (novice OpTm)
  2868 | D:4      | Reached XP level 6. HP: 35/51 MP: 6/6
  3110 | D:4      | Reached skill level 8 in Maces & Flails
  3655 | D:4      | Found a sparkling altar of Nemelex Xobeh.
  3849 | D:5      | Entered Level 5 of the Dungeon
  3969 | D:5      | Reached skill level 9 in Maces & Flails
  4098 | D:5      | Reached XP level 7. HP: 55/57 MP: 7/7
  4221 | D:5      | Reached *** piety under Lugonu
  4225 | D:5      | Reached skill level 10 in Maces & Flails
  4345 | D:5      | Found an ancient bone altar of Kikubaaqudgha.
  4690 | D:5      | Found Oduawuc's Assorted Antiques.
  4693 | D:5      | Bought a runed scale mail for 175 gold pieces
  4693 | D:5      | Bought a scroll labelled WUIVUD RUMUAL for 25 gold pieces
  4945 | D:6      | Reached skill level 11 in Maces & Flails
  5240 | D:6      | Noticed a steam dragon
  5257 | D:6      | Killed a steam dragon
  5258 | D:6      | Reached XP level 8. HP: 51/64 MP: 8/8
  5613 | D:6      | Found a staircase to the Ecumenical Temple.
  5756 | D:6      | Reached skill level 12 in Maces & Flails
  5763 | D:6      | HP: 2/64 [orc warrior/+0 scimitar (10)]
  6162 | D:6      | Found an ornate altar of the Wu Jian Council.
  6585 | D:7      | Reached skill level 13 in Maces & Flails
  7517 | D:8      | Found a viscous altar of Jiyva.
  7537 | D:8      | Reached skill level 14 in Maces & Flails
  7537 | D:8      | Reached XP level 9. HP: 44/70 MP: 9/9
  7707 | D:8      | Noticed Harold
  7720 | D:8      | HP: 3/70 [Harold/+1 vorpal hand axe (4)]
  7721 | D:8      | HP: 1/70 [Harold/+1 vorpal hand axe (2)]
  7721 | D:8      | Slain by Harold

Illustrated notes

Levels and vault maps discovered:
D:1:      dpeg_arrival_round_a, layout_basic, chequers_serial_rivers_micro_b,
          hangedman_decor_peaks_small
D:2:      cheibrodos_helix_gallery, layout_rooms,
          dreamdust_ecumenical_altar_drowned_temple
D:3:      layout_loops_ring, nicolae_tso_swordbearing_angel
D:4:      layout_basic, nemelex_diamond_rough_becter,
          ebering_ghost_reflecting_pool
D:5:      layout_basic, kiku_gazebo_pond_becter, serial_shops, kennysheep_mini
D:6:      layout_loops_ring, nzn_wu_jian_council_hall,
          minmay_temple_entry_enclosed_plants
D:7:      layout_cave_pods
D:8:      layout_loops_cross, mainiacjoe_overflow_alcove_1, jiyva_altar_1,
          uniq_maggie, uniq_harold

Skill      XL: |  1  2  3  4  5  6  7  8 |
---------------+-------------------------+-----
Maces & Flails | 3 4 5 6 7 9 11 14 | 14.0
Fighting       | |  3.6
Throwing       | |  0.7
Armour         | |  2.4
Dodging        | |  1.1
Invocations    | |  1.7

Action                   |  1- 3 |  4- 6 |  7- 9 || total
-------------------------+-------+-------+-------++-------
Melee: Mace              |    89 |   157 |     4 ||   250
       Headbutt          |     9 |    20 |    37 ||    66
       Punch             |     1 |       |     1 ||     2
       Morningstar       |       |       |   136 ||   136
Throw: Dart              |       |       |     3 ||     3
Invok: Depart the Abyss  |     1 |       |       ||     1
  Use: Scroll            |       |       |    15 ||    15
Armor: Leather armour    |     5 |       |       ||     5
       Scale mail        |    22 |    60 |    55 ||   137
Dodge: Dodged            |    49 |    61 |    58 ||   168
